 Dungeon Crawl Stone Soup version 0.27.0-1-g7a089689b8 (webtiles) character file.

Game seed: 9061596736788518764

73 stebl the Insei (level 4, 0/29 HPs)
             Began as an Octopode Transmuter on Aug 10, 2021.
             Slain by an adder (4 damage)
             ... on level 2 of the Dungeon.
             The game lasted 00:08:47 (2025 turns).

stebl the Insei (Octopode Transmuter)               Turns: 2025, Time: 00:08:47

Health: 0/29       AC:  1    Str:  9    XL:     4   Next: 27%
Magic:  6/7        EV: 13    Int: 15    God:
Gold:   92         SH:  0    Dex: 13    Spells: 1/7 levels left

rFire    . . .     SeeInvis .     - Unarmed
rCold    . . .     Faith    .   (no shield)
rNeg     . . .     Spirit   .   (helmet currently unavailable)
rPois    .         Reflect  .   (no amulet)
rElec    .         Harm     .   (no ring)
rCorr    .         Rampage  .   (no ring)
Will     .....                  (no ring)
Stlth    ++........             (no ring)
HPRegen  0.09/turn              (no ring)
MPRegen  0.10/turn              (no ring)
                                (no ring)
                                (no ring)

@: appendages
A: tentacle spike 3, almost no armour, amphibious, 8 rings, camouflage 1,
gelatinous body 1, (nimble swimmer 1), tentacles
a: End Transformation


You were on level 2 of the Dungeon.
One of your tentacles had grown a beastly spike.
You visited 1 branch of the dungeon, and saw 2 of its levels.

You collected 92 gold pieces.

Inventory:

Missiles
 a - a throwing net
 d - 87 stones (quivered)
Scrolls
 c - a scroll of fear {unknown}
 e - a scroll of noise {unknown}
 f - a scroll of identify {unknown}
Potions
 b - a potion of brilliance {unknown}
 g - 2 potions of mutation {unknown}


   Skills:
 - Level 2.1 Fighting
 - Level 2.0 Dodging
 - Level 3.5 Unarmed Combat
 - Level 2.0 Spellcasting
 + Level 3.2 Transmutations
 - Level 1.0 Poison Magic


You had one spell level left.
You knew the following spells:

 Your Spells              Type           Power      Damage    Failure   Level
a - Beastly Appendage     Tmut           22%        N/A       6%          1
b - Wereblood             Tmut           11%        N/A       9%          2
c - Spider Form           Tmut/Pois      3%         N/A       28%         3

Your spell library contained the following spells:

 Spells                   Type           Power      Damage    Failure   Level
 Ice Form                 Ice/Tmut       6%         N/A       75%         4


Dungeon Overview and Level Annotations

Branches:
Dungeon (2/15)

Altars:


Innate Abilities, Weirdness & Mutations

One of your tentacles has grown a beastly spike.
You cannot wear most types of armour.
You are amphibious.
You can wear up to eight rings at the same time.
Your skin changes colour to match your surroundings (Stealth+).
Your rubbery body absorbs attacks. (AC +1, EV +1)
((You are camouflaged near water. (Stealth+)))
You have tentacles for arms and can constrict up to eight enemies at once.


Message History

Your grab misses the adder.
Your tentacle spike misses the adder.
Your squeeze misses the adder. The adder barely misses you.
You tentacle-slap the adder. Your grab misses the adder.
Your tentacle spike misses the adder.
The adder is moderately wounded.
The adder bites you.
You are poisoned.
The adder poisons you!
You tentacle-slap the adder. Your grab misses the adder.
The adder is heavily wounded.
You feel sick. The adder bites you.
You miss the adder. You grab the adder. You squeeze the adder.
The adder is almost dead.
Your tentacle spike disappears.
You constrict the adder.
You kill the adder!
You feel sick. The adder bites you.
You miss the adder. Your grab misses the adder. Your squeeze misses the adder.
You feel sick. The adder closely misses you.
A frilled lizard comes into view.
You closely miss the adder.
The frilled lizard hisses angrily.
Your grab misses the adder. Your squeeze misses the adder.
You feel sick. The adder bites you.
* * * LOW HITPOINT WARNING * * *
Casting: Beastly Appendage (safe; 6% risk of failure)
Confirm with . or Enter, or press ? or * to list all spells.
One of your tentacles grows a vicious spike.
You feel sick. The adder barely misses you.
You tentacle-slap the adder. Your grab misses the adder.
The adder is lightly wounded.
You feel sick.
You are no longer poisoned.
The adder completely misses you. The adder bites you.
* * * LOW HITPOINT WARNING * * *
You tentacle-slap the adder. Your grab misses the adder.
Your squeeze misses the adder.
The adder is moderately wounded.
The adder bites you.
You die...

.......)......###
##########.##...#
#......#
#.###..## ...#
#.†.#
#.###.###.### ..
.. #...# .
#.###.# #gS@..#
#l###..# .. .$.#
#. .#.# # .. .#
.. ## #.#


You could see an adder, a goblin and a frilled lizard.

Vanquished Creatures
  An adder (D:2)
  3 dart slugs (D:1)
  2 ball pythons
  4 bats (D:1)
  3 endoplasms
  2 giant cockroaches
  5 goblins
  3 hobgoblins
  7 jackals (D:1)
  13 kobolds
  3 quokkas (D:1)
  A frilled lizard (D:1)
  6 rats
53 creatures vanquished.

Vanquished Creatures (others)
  3 plants (D:2)
3 creatures vanquished.

Grand Total: 56 creatures vanquished

Notes
Turn   | Place    | Note
-------+----------+-------------------------------------------
     0 | D:1      | stebl the Octopode Transmuter began the quest for the Orb.
     0 | D:1      | Reached XP level 1. HP: 13/13 MP: 3/3
   105 | D:1      | Reached XP level 2. HP: 4/18 MP: 3/5
   665 | D:1      | Reached XP level 3. HP: 23/24 MP: 4/6
   672 | D:1      | Learned a level 2 spell: Wereblood
   678 | D:1      | Learned a level 3 spell: Spider Form
   952 | D:1      | Reached skill level 1 in Poison Magic
  1728 | D:2      | Reached XP level 4. HP: 26/29 MP: 5/7
  2025 | D:2      | Slain by an adder

Illustrated notes

Levels and vault maps discovered:
D:1:      dpeg_arrival_round_b, layout_rooms, minmay_statues_item
D:2:      minmay_evil_eye, layout_loops_ring, serial_forest,
          infiniplex_forest_straight_2, infiniplex_forest_3_way,
          infiniplex_forest_diagonal, infiniplex_forest_clump_curved,
          infiniplex_forest_lined_room_2, infiniplex_forest_end_double,
          infiniplex_forest_clump_curved, basic_ecumenical_altar,
          minmay_quantized, uniq_natasha

Skill      XL: |  1  2  3  4 |
---------------+-------------+-----
Fighting       | 2 |  2.1
Poison Magic   | 1 |  1.0
Transmutations | 3 |  3.2
Dodging        | |  2.0
Unarmed Combat | |  3.5
Spellcasting   | |  2.0

Action                   |  1- 3 |  4- 6 || total
-------------------------+-------+-------++-------
Melee: Unarmed           |   101 |    83 ||   184
       Kick              |    31 |    14 ||    45
       Constrict         |    30 |     3 ||    33
       Punch             |     4 |     1 ||     5
       Tentacles         |    13 |    23 ||    36
Throw: Stone             |     1 |     1 ||     2
 Cast: Beastly Appendage |    26 |     7 ||    33
 Stab: Sleeping          |     2 |       ||     2
Armor: Skin              |     6 |     1 ||     7
Dodge: Dodged            |    47 |     5 ||    52
